 Dungeon Crawl Stone Soup version 0.31-a0-1-g4198be8af4 (webtiles) character file.

Game seed: 698379473650486183

3 Mickster the Chopper (level 1, -2/20 HPs)
             Began as a Hill Orc Berserker on May 2, 2023.
             Was a Follower of Trog.
             Slain by a kobold
             ... wielding a +1 short sword of electrocution
              (16 damage)
             ... on level 1 of the Dungeon.
             The game lasted 00:01:15 (226 turns).

Mickster the Chopper (Hill Orc Berserker)            Turns: 226, Time: 00:01:15

Health: -2/20      AC:  2    Str: 19    XL:     1   Next: 50%
Magic:  1/1        EV: 11    Int:  7    God:    Trog [*.....]
Gold:   24         SH:  0    Dex: 10    Spells: 0/0 levels left

rFire   . . .        a - +0 hand axe
rCold   . . .        (no shield)
rNeg    . . .        b - +0 animal skin
rPois   .            (no helmet)
rElec   .            (no cloak)
rCorr   .            (no gloves)
SInv    .            (no boots)
Will    .....        (no amulet)
Stlth   +            (no ring)
HPRegen 0.23/turn    (no ring)
MPRegen 0.07/turn

%: no passive effects
@: mighty
A: no striking features
a: Renounce Religion, Berserk


You were on level 1 of the Dungeon.
You worshipped Trog.
Trog was aware of your devotion.
You visited 1 branch of the dungeon, and saw 1 of its levels.

You collected 24 gold pieces.

Inventory:

Hand Weapons
 a - a +0 hand axe (weapon)
Armour
 b - a +0 animal skin (worn)


   Skills:
 + Level 3.7 Fighting
 + Level 4.1 Axes
 + Level 2.2 Armour
 + Level 1.5 Dodging


You couldn't memorise any spells.
You didn't know any spells.
Your spell library was empty.

Dungeon Overview and Level Annotations

Branches:
Dungeon (1/15)

Altars:


Message History

The air fills with toxic fumes!
As you read the scroll labelled QAGE SUYTWASM, it crumbles to dust.
It was a scroll of poison.
You start waiting.
Done waiting.
It was a potion of lignification.
You turn into a tree.
Your +0 animal skin melds into your body.
Your roots penetrate the ground.
You start resting.
Your transformation is almost over.
HP restored.
You feel less wooden.
Your +0 animal skin unmelds from your body.
It was a potion of might.
You feel very mighty all of a sudden.
You open the door.
There is an open door here.
A goblin comes into view. It is wielding a +0 club.
The goblin shouts!
You hear a shout! x4
You hear a shout!
You slash the goblin!
You kill the goblin!
Trog accepts your kill.
A dart slug, a hobgoblin and 2 kobolds come into view.
A kobold is wielding a +1 short sword of electrocution.
The hobgoblin shouts!
The kobold shouts! x2
A hobgoblin comes into view.
The kobold moves out of view.
You see here a +0 club.
You hit the hobgoblin.
You kill the hobgoblin!
Trog accepts your kill.
A rat comes into view.
The kobold hits you with a +1 short sword of electrocution.
You see here a hobgoblin corpse.
You closely miss the kobold.
The kobold hits you with a +1 short sword of electrocution.
You are electrocuted!
Ouch! That really hurt!
You die...

.#.. ...P #....
..#.. #..... #
......### .#
..r..gK@##.#
...####....###.
#).......
##.##..###
#...#.....
#.### ...#
###'## #.#
#....# ..
#....#


You could see a hobgoblin, a kobold and a rat.

Vanquished Creatures
  A goblin (D:1)
  A hobgoblin (D:1)
  A kobold (D:1)
3 creatures vanquished.

Vanquished Creatures (others)
  A fungus (D:1)
1 creature vanquished.

Grand Total: 4 creatures vanquished

Notes
Turn   | Place    | Note
-------+----------+-------------------------------------------
     0 | D:1      | Mickster the Hill Orc Berserker began the quest for the
                  | Orb.
     0 | D:1      | Reached XP level 1. HP: 19/19 MP: 1/1
   226 | D:1      | Slain by a kobold

Illustrated notes

Levels and vault maps discovered:
D:1:      dpeg_arrival_subterranean_lakeside_camping, layout_basic,
          dreamdust_ecumenical_altar_statues, dreamdust_mushroom_princess,
          minmay_split_cup_large

Action                     || total
---------------------------++-------
  Melee: Hand axe          ||     5
    Use: Potion            ||     2
         Scroll            ||     1
 Armour: Animal skin       ||     1
  Dodge: Dodged            ||     3

Table legend: (Time is in decaauts)
 A = Elapsed time spent in this place.
 B = Non-inter-level travel time spent in this place.
 C = Inter-level travel time spent in this place.
 D = Time resting spent in this place.
 E = Time spent auto-exploring this place.
 F = Levels seen in this place.
 G = Mean time per level.
                   A        B        C        D        E       F      G
               +--------+--------+--------+--------+--------+-----+--------+
         Total |    235 |    235 |      0 |    131 |      0 |   1 |  235.0 |
       Dungeon |    235 |    235 |      0 |    131 |      0 |   1 |  235.0 |
               +--------+--------+--------+--------+--------+-----+--------+

Top non-repeatable levels by time:
     D:1: 235 daAuts
